 Dungeon Crawl Stone Soup version 0.29-a0-582-ge82337ba6a (webtiles) character file.

Game seed: 12073050742766036798

3 RancidPinata the Sneak (level 1, 0/14 HPs)
             Began as a Gargoyle Delver on June 14, 2022.
             Killed from afar by an orc wizard (5 damage)
             ... with a magic dart
             ... on level 3 of the Dungeon.
             The game lasted 00:00:49 (143 turns).

RancidPinata the Sneak (Gargoyle Delver)             Turns: 143, Time: 00:00:49

Health: 0/14       AC:  5    Str: 15    XL:     1   Next: 50%
Magic:  1/1        EV: 11    Int: 10    God:
Gold:   11         SH:  0    Dex: 11    Spells: 0/0 levels left

rFire   . . .      SeeInvis .   a - +0 mace
rCold   . . .      Faith    .   (no shield)
rNeg    + . .      Spirit   .   b - +0 leather armour
rPois   ∞          Reflect  .   (no helmet)
rElec   +          Harm     .   (no cloak)
rCorr   .          Rampage  .   (no gloves)
Will    .....                   (no boots)
Stlth   +++.......              (no amulet)
HPRegen 0.04/turn               (no ring)
MPRegen 0.07/turn               (no ring)

@: no status effects
A: sickness immunity, AC +2, negative energy resistance 1, electricity
resistance, torment resistance 1, petrification resistance
a: no special abilities


You were on level 3 of the Dungeon.
You visited 1 branch of the dungeon, and saw 3 of its levels.

You collected 11 gold pieces.

Inventory:

Hand Weapons
 a - a +0 mace (weapon)
Armour
 b - a +0 leather armour (worn)
Wands
 g - a wand of digging (3)
Scrolls
 c - a scroll of fog
 d - a scroll of magic mapping
 e - a scroll of fear
 h - a scroll of blinking {unknown}
Potions
 f - a potion of haste


   Skills:
 + Level 3.3 Fighting
 + Level 2.0 Maces & Flails
 + Level 1.6 Dodging
 + Level 5.5 Stealth


You couldn't memorise any spells.
You didn't know any spells.
Your spell library contained the following spells:

 Spells                   Type           Power      Damage    Failure   Level
 Apportation              Tloc           0%         N/A       43%         1
 Necrotize                Necr           0%         1d4       43%         1
 Summon Small Mammal      Summ           0%         N/A       43%         1


Dungeon Overview and Level Annotations

Branches:
Dungeon (5/15)
 Temple: D:4-7

Altars:

Annotations:
D:4 3 runed translucent doors


Innate Abilities, Weirdness & Mutations

You are immune to sickness and miasma.
Your stone body is resilient. (AC +2)
You are immune to poison.
You resist negative energy. (rN+)
You are resistant to electric shocks. (rElec)
You are resistant to unholy torment.
You are immune to petrification.


Message History

The endoplasm closely misses you. The endoplasm attacks as you move away!
The endoplasm barely misses you. The endoplasm attacks as you move away!
The endoplasm hits you. The endoplasm attacks as you move away!
The endoplasm hits you. The endoplasm attacks as you move away!
The endoplasm misses you. The endoplasm attacks as you move away!
The endoplasm misses you. The endoplasm attacks as you move away!
The endoplasm barely misses you.
Found a book of Cantrips.
An orc wizard comes into view. It is wielding a +0 dagger.
The endoplasm attacks as you move away!
The endoplasm hits you but does no damage.
The endoplasm attacks as you move away! The endoplasm hits you.
You hit the endoplasm.
The endoplasm is heavily wounded.
The endoplasm hits you but does no damage.
You barely miss the endoplasm.
The endoplasm is heavily wounded.
The endoplasm barely misses you.
You thump the endoplasm!
You kill the endoplasm!
You pick up a book of Cantrips and begin reading...
You add the spells Necrotize, Summon Small Mammal and Apportation to your library.
You start resting.
An orc comes into view. It is wielding a +0 whip.
An orc comes into view. It is wielding a +0 flail.
The orc shouts!
The orc shouts!
You hear a shout!
The orc hits you but does no damage.
You sock the orc!
You kill the orc!
An orc comes into view. It is wielding a +0 flail.
The orc wizard barely misses you. The orc misses you.
You hit the orc wizard but do no damage.
The orc wizard closely misses you.
An orc comes into view. It is wielding a +0 dagger.
The orc hits you with a +0 flail.
You barely miss the orc wizard.
The orc wizard points at you and mumbles some strange words.
The magic dart hits you.
You die...

#.####....#..##
#.............##
########........
###..##..##
#....o...##
#.#........
#.#o....... #
#o####### #@#
#o# #.# #.# #..
####


You could see an orc wizard and 3 orcs.

Vanquished Creatures
  An orc (D:3)
  An endoplasm (D:3)
2 creatures vanquished.

Notes
Turn   | Place    | Note
-------+----------+-------------------------------------------
     0 | D:5      | RancidPinata the Gargoyle Delver began the quest for the
                  | Orb.
     0 | D:5      | Reached XP level 1. HP: 14/14 MP: 1/1
    21 | D:4      | Found a runed translucent gate.
    21 | D:4      | Found a runed translucent gate.
    22 | D:4      | Found a runed translucent gate.
    26 | D:3      | Noticed an orc priest
    49 | D:3      | Noticed an orc wizard
   143 | D:3      | Killed from afar by an orc wizard

Illustrated notes

Levels and vault maps discovered:
D:3:      layout_basic
D:4:      minmay_goblin_kobold_castle, layout_loops_cross,
          gammafunk_ghost_split, kennysheep_windowed_goal
D:5:      layout_rooms, minmay_temple_entry_butterflies, portal_sewer_entry_a

Action                   || total
-------------------------++-------
Melee: Mace              ||     6
Armor: Leather armour    ||     5
Dodge: Dodged            ||    10

Table legend: (Time is in decaauts)
 A = Elapsed time spent in this place.
 B = Non-inter-level travel time spent in this place.
 C = Inter-level travel time spent in this place.
 D = Time resting spent in this place.
 E = Time spent auto-exploring this place.
 F = Levels seen in this place.
 G = Mean time per level.
                   A        B        C        D        E       F      G
               +--------+--------+--------+--------+--------+-----+--------+
         Total |    143 |    143 |      0 |     79 |      0 |   3 |   47.7 |
       Dungeon |    143 |    143 |      0 |     79 |      0 |   3 |   47.7 |
               +--------+--------+--------+--------+--------+-----+--------+

Top non-repeatable levels by time:
     D:3: 120 daAuts
     D:5: 12 daAuts
     D:4: 11 daAuts
